 Dungeon Crawl Stone Soup version 0.31-a0-986-g5e6e4ef867 (webtiles) character file.

Game seed: 10704665601556664097

42 LadyBoffin the Covered (level 3, -5/33 HPs)
             Began as a Hill Orc Fighter on Nov 9, 2023.
             Slain by a gnoll
             ... wielding a +0 halberd
              (6 damage)
             ... on level 2 of the Dungeon.
             The game lasted 00:02:11 (1042 turns).

LadyBoffin the Covered (Hill Orc Fighter)           Turns: 1042, Time: 00:02:12

Health: -5/33      AC:  7    Str: 20    XL:     3   Next: 56%
Magic:  3/3        EV:  9    Int:  8    God:
Gold:   61         SH:  4    Dex: 10    Spells: 2/2 levels left

rFire   . . .        a - +0 war axe
rCold   . . .        c - +0 buckler
rNeg    . . .        b - +0 scale mail
rPois   .            (no helmet)
rElec   .            (no cloak)
rCorr   .            (no gloves)
SInv    .            (no boots)
Will    .....        (no amulet) Stlth
                     (no ring)
HPRegen 0.25/turn    (no ring)
MPRegen 0.08/turn

%: no passive effects
@: mighty
A: no striking features
a: no special abilities


You were on level 2 of the Dungeon.
You visited 1 branch of the dungeon, and saw 2 of its levels.

You collected 61 gold pieces.

Inventory:

Hand Weapons
 a - a +0 war axe (weapon)
Armour
 b - a +0 scale mail (worn)
 c - a +0 buckler (worn)
Jewellery
 h - a ring of ice
Scrolls
 e - a scroll of identify
 f - 2 scrolls of fog
 g - a scroll of revelation
Potions
 i - a potion of curing {unknown}
 k - a potion of lignification {unknown}


   Skills:
 + Level 3.9 Fighting
 + Level 3.5 Axes
 + Level 4.0 Armour
 + Level 3.5 Shields


You had 2 spell levels left.
You didn't know any spells.
Your spell library contained the following spells:

 Spells                   Type           Power      Damage    Failure   Level
 Sandblast                Erth           0%         2d4       83%         1
 Passwall                 Tmut/Erth      0%         N/A       92%         2
 Stone Arrow              Conj/Erth      0%         3d7       99%         3
 Brom's Barrelling Bould  Conj/Erth      0%         2d3       100%        4


Dungeon Overview and Level Annotations

Branches:
Dungeon (2/15)

Altars:
Trog

Shops:
D:2 [


Message History

A goblin comes into view. It is wielding a +0 dagger.
As you read the scroll labelled FIERATHREOMA, it crumbles to dust.
It is a scroll of amnesia.
You feel forgetful for a moment. The gnoll completely misses you.
You feel very mighty all of a sudden. The gnoll barely misses you. x2
The ball python bites you but does no damage.
The ball python grabs you. The ball python constricts you.
You slash the ball python!
You kill the ball python!
The gnoll hits you from afar with a +1 vampiric halberd.
The gnoll hits you from afar with a +0 halberd.
You block the gnoll's attack. The gnoll closely misses you.
You slash the gnoll!
The gnoll is severely wounded.
The gnoll hits you from afar with a +1 vampiric halberd.
The gnoll closely misses you. The gnoll hits you with a +0 club.
You hit the gnoll.
You kill the gnoll!
The gnoll barely misses you. The gnoll closely misses you.
The gnoll barely misses you. The gnoll closely misses you.
The gnoll barely misses you.
The gnoll hits you from afar with a +0 halberd.
You are too injured to fight recklessly!
You are too injured to fight recklessly!
You are too injured to fight recklessly!
The gnoll barely misses you.
The gnoll hits you from afar with a +0 spear.
You block the gnoll's attack.
You barely miss the gnoll. You block the gnoll's attack.
The gnoll completely misses you.
The gnoll hits you from afar with a +0 halberd!
* * * LOW HITPOINT WARNING * * *
You slash the gnoll!
The gnoll is severely wounded.
The gnoll hits you with a +1 vampiric halberd.
* * * LOW HITPOINT WARNING * * *
The gnoll hits you but does no damage.
The gnoll hits you from afar with a +0 halberd.
You die...

..###.... #.......#. #. ...
.......... #. .......
........#. .> .......
...........# .##.......
......# .... ...........#
......# ..... #.#........#
.....# .....g###.#........#
#†<..# .....gg@..#........#
### #....#
......###....####..###..
.....## .....
##..........##.. #.....##
.... #.#####.#..##.. #.###..#
### #.............. #.#
##.###############..#...>...#
..#
#.................###.##....
.######..###############
#.##.### ..........####
#..### #


You could see 3 gnolls.

Vanquished Creatures
  A gnoll (D:2)
  A worm (D:2)
  3 dart slugs (D:1)
  An endoplasm (D:2)
  A giant cockroach (D:2)
  2 goblins (D:1)
  2 hobgoblins (D:2)
  2 kobolds
  A quokka (D:1)
  6 ball pythons
  2 bats (D:1)
  A rat (D:1)
23 creatures vanquished.

Notes
Turn   | Place    | Note
-------+----------+-------------------------------------------
     0 | D:1      | LadyBoffin the Hill Orc Fighter began the quest for the
                  | Orb.
     0 | D:1      | Reached XP level 1. HP: 19/19 MP: 1/1
   201 | D:1      | Reached XP level 2. HP: 27/27 MP: 2/2
   727 | D:2      | Reached skill level 4 in Armour
   730 | D:2      | Reached XP level 3. HP: 31/33 MP: 3/3
   756 | D:2      | Found Neushiopt's Antique Armour Shoppe.
   871 | D:2      | Found a bloodstained altar of Trog.
  1042 | D:2      | HP: 1/33 [gnoll/+1 vampiric halberd (6)]
  1042 | D:2      | Slain by a gnoll

Illustrated notes

Levels and vault maps discovered:
D:1:      orjb1_clovarrival, layout_basic, amcnicky_mini_rare_corridor_liquid,
          minmay_misc_feat_encased, bh_walls_and_bars
D:2:      layout_rooms, serial_shops, shop, basic_altar, grunt_decor_junction,
          grunt_ministairs_15, kennysheep_small_spiral, reono_crystal_passage

Skill      XL: |  1  2 |
---------------+-------+-----
Axes           | 3 |  3.5
Armour         | 4 |  4.0
Fighting       | |  3.9
Shields        | |  3.5

Action                     || total
---------------------------++-------
  Melee: War axe           ||    54
    Use: Scroll            ||     3
         Potion            ||     1
 Armour: Scale mail        ||    45
  Dodge: Dodged            ||    23
  Block: Buckler           ||    12

Table legend: (Time is in decaauts)
 A = Elapsed time spent in this place.
 B = Non-inter-level travel time spent in this place.
 C = Inter-level travel time spent in this place.
 D = Time resting spent in this place.
 E = Time spent auto-exploring this place.
 F = Levels seen in this place.
 G = Mean time per level.
                   A        B        C        D        E       F      G
               +--------+--------+--------+--------+--------+-----+--------+
         Total |   1074 |   1049 |     25 |      0 |    819 |   2 |  537.0 |
       Dungeon |   1074 |   1049 |     25 |      0 |    819 |   2 |  537.0 |
               +--------+--------+--------+--------+--------+-----+--------+

Top non-repeatable levels by time:
     D:1: 745 daAuts
     D:2: 328 daAuts
